[Event "24th Bosnjaci Open 2019"]
[Site "Bosnjaci"]
[Date "2019.01.09"]
[Round "9.9"]
[White "Stocko, Josip"]
[Black "Dabic, Stjepan"]
[Result "1/2-1/2"]
[ECO "A88"]
[WhiteElo "2282"]
[BlackElo "2077"]
[Annotator "NA"]
[PlyCount "69"]
[EventDate "2019.01.03"]
[EventType "swiss"]
[EventCountry "CRO"]
[SourceTitle "playchess.com"]
[Source "ChessBase"]
[SourceQuality "1"]
[TimeControl "5400+30"]

1. d4 f5 2. g3 Nf6 3. Bg2 g6 4. c4 Bg7 5. Nc3 O-O 6. Nf3 d6 7. O-O c6 8. d5 e5 {[%emt 0:04:30] LiveBook: 678 Games} 9. Rb1 {[%emt 0:02:30] A88: Dutch Defence: Leningrad System: 5 Nf3 0-0 6 0-0 d6 7 Nc3 c6} (9. dxe6 Bxe6 10. Qd3 Nbd7 11. Bf4 d5 12. Ng5 dxc4 13. Qd6 Bf7 14. Ne6 Bxe6 15. Qxe6+ Kh8 16. Qxc4 Re8 17. Rad1 Qa5 18. b4 Qb6 {1-0 (35) Harikrishna,P (2727)-Mamedyarov,S (2765) Beijing 2014}) 9... Qe7 $146 ({Predecessor:} 9... Na6 10. b4 c5 11. a3 h6 12. Nd2 g5 13. f3 Rf7 14. e3 h5 15. Rb3 Bh6 16. Qe2 Qe7 {0-1 (31) Cu Hor,W (2286)-Ortiz Suarez,I (2623) Duran 2014}) 10. b4 h6 11. dxc6 Nxc6 12. b5 Nd8 13. a4 Ne6 14. a5 Nc5 15. Ne1 Be6 16. Nd5 Nxd5 17. Bxd5 Rac8 18. Ba3 Rfd8 19. Ng2 Ne4 20. Rc1 Nf6 21. Bxe6+ Qxe6 22. Qb3 $11 d5 23. cxd5 Qxd5 24. Qxd5+ Nxd5 25. Rfd1 Rxc1 26. Rxc1 e4 27. Kf1 Nc3 28. b6 axb6 29. axb6 Nd5 30. Nf4 Nxf4 31. gxf4 Bd4 32. Rc7 Bxb6 33. Rxb7 Bd4 34. Kg2 Bg7 35. Be7 1/2-1/2

[Event "24th Bosnjaci Open 2019"]
[Site "Bosnjaci"]
[Date "2019.01.09"]
[Round "9.10"]
[White "Lazor, Vladimir"]
[Black "Tomas, Ante"]
[Result "1/2-1/2"]
[ECO "C88"]
[WhiteElo "2164"]
[BlackElo "2102"]
[Annotator "NA"]
[PlyCount "40"]
[EventDate "2019.01.03"]
[EventType "swiss"]
[EventCountry "CRO"]
[SourceTitle "playchess.com"]
[Source "ChessBase"]
[SourceQuality "1"]
[TimeControl "5400+30"]

1. e4 e5 2. Nf3 Nc6 3. Bb5 a6 4. Ba4 Nf6 5. O-O Be7 6. Re1 b5 7. Bb3 O-O 8. d3 d5 9. exd5 Nxd5 10. Nxe5 {[%emt 0:02:30] LiveBook: 4 Games C88: Closed Ruy Lopez: Anti-Marshall Systems} Nd4 11. Nc3 Nb4 ({Predecessor:} 11... Nf6 12. Be3 Bb7 13. Nxf7 Rxf7 14. Bxd4 Nd5 15. Qh5 c6 16. Nxd5 cxd5 17. Re3 g6 18. Qg4 Bg5 19. Rf3 Rxf3 20. Qxf3 a5 21. a3 Qd6 22. Re1 {1-0 (22) Macieja,B (2608)-Bulski,K (2549) Chorzow 2013}) 12. Ne4 Nxb3 13. axb3 f6 14. Nf3 Bb7 15. Bd2 Re8 16. Rc1 (16. Bxb4 $16 Bxb4 17. c3) 16... Na2 17. Ra1 Nb4 18. Rc1 $11 Na2 19. Ra1 Nb4 20. Rc1 Qd5 1/2-1/2

[Event "24th Bosnjaci Open 2019"]
[Site "Bosnjaci"]
[Date "2019.01.09"]
[Round "9.11"]
[White "Ivekovic, Tihana"]
[Black "Sipic, Hrvoje"]
[Result "0-1"]
[ECO "A58"]
[WhiteElo "2071"]
[BlackElo "2213"]
[Annotator "NA"]
[PlyCount "82"]
[EventDate "2019.01.03"]
[EventType "swiss"]
[EventCountry "CRO"]
[SourceTitle "playchess.com"]
[Source "ChessBase"]
[SourceQuality "1"]
[TimeControl "5400+30"]

1. d4 c5 2. d5 Nf6 3. c4 b5 4. cxb5 a6 5. bxa6 Bxa6 6. Nc3 g6 7. g3 Bg7 8. Bg2 d6 9. Nf3 O-O 10. O-O Nbd7 11. Rb1 Qa5 12. Qc2 Rfb8 13. Rd1 Ng4 {[%emt 0:05:30] LiveBook: 26 Games A58: Benko/Volga Gambit: Lines with 5 bxa6} 14. Bg5 (14. Bd2 Nge5 15. Nxe5 Nxe5 16. b3 Bc8 17. Na4 Qa6 18. Bc3 Bf5 19. Be4 Bd7 20. f4 Ng4 21. Bxg7 Kxg7 {0-1 (36) Johannessen,L (2559)-Carlsen,M (2646) Tromsoe 2006}) 14... Kf8 15. e4 $146 ({Predecessor:} 15. Bd2 Nge5 16. b3 Qa3 17. Ng5 Kg8 18. f4 Ng4 19. e3 c4 20. h3 Ngf6 21. e4 cxb3 22. Rxb3 Rxb3 23. Qxb3 {½-½ (23) Bujisho,B (2402)-Piceu,T (2375) Condom 2008}) 15... Nge5 16. Rbc1 c4 17. Nd4 Qb6 (17... Nc5 $1 $11 {remains equal.}) 18. Na4 Qb7 19. Nc6 Re8 20. Nc3 Nd3 21. Rb1 N7c5 22. b4 cxb3 23. axb3 Nb4 24. Nxb4 Qxb4 25. Na4 Nd7 26. Bd2 Qb8 27. Bc3 Ne5 28. Qd2 Bb5 29. Bd4 Qb7 30. h3 Reb8 31. Ra1 Be8 32. Nb6 Ra6 33. Rxa6 Qxa6 34. Qe3 Qa3 35. Ra1 Qb4 36. Rd1 Qa3 37. Ra1 Qb4 38. Rd1 g5 39. Nc4 $11 Qxb3 40. Nxe5 Qxd1+ 41. Bf1 dxe5 0-1

[Event "24th Bosnjaci Open 2019"]
[Site "Bosnjaci"]
[Date "2019.01.09"]
[Round "9.12"]
[White "Ljikar, Zoran"]
[Black "Borzan, Andrej"]
[Result "1-0"]
[ECO "B07"]
[WhiteElo "2207"]
[BlackElo "1818"]
[Annotator "NA"]
[PlyCount "107"]
[EventDate "2019.01.03"]
[EventType "swiss"]
[EventCountry "CRO"]
[SourceTitle "playchess.com"]
[Source "ChessBase"]
[SourceQuality "1"]
[TimeControl "5400+30"]

1. e4 d6 2. d4 Nf6 3. Nc3 g6 4. Be3 Bg7 5. Qd2 O-O 6. O-O-O {[%emt 0:00:30] B07: Pirc Defence: Miscellaneous Systems} Nbd7 (6... c6 7. f3 b5 8. g4 b4 9. Nce2 Qa5 10. Kb1 c5 11. Bh6 Nc6 12. Bxg7 Kxg7 13. g5 Nd7 14. d5 Nce5 15. Nc1 Nb6 16. h4 {1-0 (33) Najer,E (2664)-Petrosian,T (2607) Moscow 2016}) 7. Bh6 {[%emt 0:00:30] LiveBook: 3 Games} c5 8. d5 (8. Bxg7 $16 Kxg7 {[#]} 9. e5 $1 ) 8... a6 9. h4 b5 $146 ({Predecessor:} 9... Bxh6 10. Qxh6 Ng4 11. Qd2 h5 12. f3 Nge5 13. g4 Nf6 14. gxh5 Nxh5 {1-0 (50) Dunn,A (2039)-Paul,R (1841) Dundee 2017}) 10. f3 b4 11. Nce2 $1 a5 ({Black should try} 11... Ne5 $11) 12. h5 a4 ({Wrong is} 12... Nxh5 $2 {[#]} 13. Rxh5 $1 Bxh6 14. Rxh6 $18) 13. Bxg7 Kxg7 14. hxg6 fxg6 {[%emt 0:00:30] [#]} 15. Qh6+ (15. Nh3 $1 $16) 15... Kg8 16. Nh3 Ne5 17. Ng5 (17. Nef4 $5 ) 17... Nf7 18. Nxf7 Rxf7 19. Nf4 Qf8 20. Qh2 Qg7 21. e5 dxe5 22. Ne6 Bxe6 23. dxe6 Rff8 24. Qxe5 a3 25. b3 Rfd8 26. Bb5 Rac8 27. Rhe1 {[%emt 0:06:30] [#]} (27. Ba6 $11 Ra8 28. Bb7) 27... Nh5 $2 (27... Qh6+ $1 $17 28. Kb1 Rd2) 28. Rd7 Kf8 29. Qxg7+ Nxg7 30. Re5 h6 31. Rxd8+ Rxd8 32. Bd7 Nf5 33. Rxc5 Nd6 34. c3 Rb8 35. Kd2 Kg7 36. cxb4 Rxb4 37. Ra5 Rh4 38. Ke2 Nf5 39. Rxa3 g5 40. Ra5 Kf6 41. g4 Rh2+ 42. Kd3 Nd6 43. Ra8 Rh3 44. Ke2 h5 45. gxh5 $18 Rxh5 46. a4 Ke5 47. a5 Rh2+ 48. Kd3 Rh3 49. Rf8 Nf5 50. a6 Rxf3+ 51. Kd2 Rf2+ 52. Kc3 Ra2 53. Ba4 Nd6 54. Kb4 1-0

[Event "24th Bosnjaci Open 2019"]
[Site "Bosnjaci"]
[Date "2019.01.09"]
[Round "9.13"]
[White "Jergovic, Andrija"]
[Black "Blagojevic, Marijan"]
[Result "0-1"]
[ECO "E69"]
[WhiteElo "2012"]
[BlackElo "2203"]
[Annotator "RC"]
[PlyCount "168"]
[EventDate "2019.01.03"]
[EventType "swiss"]
[EventCountry "CRO"]
[SourceTitle "playchess.com"]
[Source "ChessBase"]
[SourceQuality "1"]
[TimeControl "5400+30"]

1. d4 {[%emt 0:00:30] 0} g6 {[%emt 0:03:30] 0} 2. Nf3 {[%emt 0:00:30] 0} Bg7 3. g3 Nf6 4. c4 O-O 5. Bg2 d6 6. O-O c6 7. Nc3 Nbd7 8. e4 e5 9. h3 Re8 10. Re1 Qc7 11. Be3 exd4 12. Nxd4 Nc5 13. Qc2 a5 14. b3 Nfd7 15. Rad1 Na6 16. f4 Ndc5 17. Bf2 Nb4 18. Qb1 Nba6 19. Kh2 Bd7 20. Rd2 f5 21. exf5 Bxf5 22. Qd1 Rxe1 23. Bxe1 Bd7 24. Ne4 Nxe4 25. Bxe4 Nc5 26. Bg2 Re8 27. Re2 Rxe2 28. Nxe2 Bf5 29. Nd4 Bd3 30. Ne6 Nxe6 31. Qxd3 Nc5 32. Qd2 a4 33. b4 Ne6 34. Bf2 Kf7 35. a3 {[%emt 0:07:30] 7} Qe7 36. Qc2 Nd4 37. Qxa4 Qe2 38. Kg1 Qxc4 39. Qa7 d5 40. Qxb7+ Kg8 41. Qa8+ Bf8 42. Qa7 Nb5 43. Qe3 d4 44. Qf3 d3 45. Qd1 Nc3 46. Qd2 Nb1 47. Qd1 Qc2 48. Qxc2 dxc2 49. Be3 Nc3 50. Bf1 Nb1 51. Bc1 Nc3 52. Bb2 Bg7 53. Bc1 Kf8 54. Bd3 Na2 55. Bxc2 Nxc1 56. a4 Ne2+ 57. Kg2 Bc3 58. b5 cxb5 59. axb5 Nd4 60. Bd3 Ba5 61. h4 Kg7 62. g4 h6 63. Kh3 Ne6 64. Kg3 Bc7 65. Kf3 Nxf4 66. b6 Bb8 67. Bc4 Kf6 68. Ba2 Ke5 69. Bf7 Kf6 70. Ba2 Ke5 71. Bf7 g5 72. hxg5 hxg5 73. Ba2 Kd4 74. Bb1 Nd3 75. Ke2 Nc5 76. Bf5 Na4 77. b7 Nc5 78. Kf3 Nxb7 79. Kg2 Ke3 80. Kh3 Kf2 81. Bb1 Nd6 82. Bh7 Nb5 83. Be4 Nd4 84. Bd5 Ne2 0-1

[Event "24th Bosnjaci Open 2019"]
[Site "Bosnjaci"]
[Date "2019.01.09"]
[Round "9.14"]
[White "Pasalic, Adnan"]
[Black "Babic, Zvonko"]
[Result "0-1"]
[ECO "A59"]
[WhiteElo "1973"]
[BlackElo "2190"]
[Annotator "NA"]
[PlyCount "60"]
[EventDate "2019.01.03"]
[EventType "swiss"]
[EventCountry "CRO"]
[SourceTitle "playchess.com"]
[Source "ChessBase"]
[SourceQuality "1"]
[TimeControl "5400+30"]

1. d4 Nf6 2. c4 c5 3. d5 b5 4. cxb5 a6 5. bxa6 g6 6. Nc3 Bxa6 7. e4 Bxf1 8. Kxf1 d6 9. g3 Bg7 10. Nge2 O-O 11. Kg2 Nbd7 12. Rb1 {[%emt 0:05:30] LiveBook: 6 Games} Ra6 {[%emt 0:08:30] A59: Benko/Volga Gambit: White castles by hand} 13. b3 Qa8 14. Bb2 $146 ({Predecessor:} 14. f3 e6 15. dxe6 fxe6 16. Nf4 d5 17. exd5 exd5 18. a4 d4 19. Nb5 Nd5 20. Rf1 {0-1 (38) Chalmeta Ugas,J (2187)-Cruz,J (2471) Barbera del Valles 2014}) 14... Rb8 15. Qc2 Ne5 16. Na4 Nfd7 17. h3 Nb6 18. Nec3 c4 19. Nxb6 $11 cxb3 20. axb3 Raxb6 21. Ba1 Qb7 22. Ne2 Rxb3 23. Rxb3 Qxb3 24. Qxb3 Rxb3 25. Nf4 Bh6 26. Rc1 Kg7 27. Rc3 Rb4 28. f3 Rd4 29. Re3 Rd2+ 30. Re2 Bxf4 0-1

[Event "24th Bosnjaci Open 2019"]
[Site "Bosnjaci"]
[Date "2019.01.09"]
[Round "9.15"]
[White "Radovic, Sinisa"]
[Black "Boban, Sten"]
[Result "0-1"]
[ECO "C97"]
[WhiteElo "1955"]
[BlackElo "2105"]
[Annotator "NA"]
[PlyCount "130"]
[EventDate "2019.01.03"]
[EventType "swiss"]
[EventCountry "CRO"]
[SourceTitle "playchess.com"]
[Source "ChessBase"]
[SourceQuality "1"]
[TimeControl "5400+30"]

1. e4 e5 2. Nf3 Nc6 3. Bb5 a6 4. Ba4 Nf6 5. O-O Be7 6. Re1 b5 7. Bb3 O-O 8. h3 d6 9. c3 Na5 10. Bc2 c5 11. d4 Qc7 12. d5 Bd7 13. Nbd2 Rab8 {[%emt 0:00:30] C97: Closed Ruy Lopez: Chigorin Defence: 11 d4 Qc7, sidelines} (13... c4 14. Nf1 Nb7 15. Bg5 Nc5 16. Ng3 Kh8 17. Qd2 Ng8 18. Be3 g6 19. Nh2 a5 20. f4 f6 21. Rf1 Rab8 22. f5 b4 {0-1 (49) Almasi,Z (2650)-Banusz,T (2592) Ajka 2018}) 14. b3 Ne8 15. g4 $146 ({Predecessor:} 15. Nf1 f5 16. exf5 Bxf5 17. Bxf5 Rxf5 18. Ng3 Rf8 19. Ne4 h6 20. Be3 Qd7 21. Nfd2 {½-½ (40) Badilles,G-Cardoso,R Jakarta 1963}) 15... g6 16. Nf1 Ng7 17. Ng3 Qc8 18. Bh6 Nb7 19. Kg2 Nd8 20. Rg1 f6 21. Nh2 Nf7 22. Bxg7 Kxg7 23. Kh1 Ng5 24. Kg2 Rh8 25. h4 Nf7 26. Kh1 Kf8 27. Qf3 Ke8 28. Rac1 Rf8 29. Qe2 Rg8 30. f3 Bf8 31. Rg2 Qd8 32. Bb1 Bh6 33. Rcg1 Qa5 34. Qe1 Ke7 35. Nhf1 Rgc8 36. Ne2 Qb6 37. Neg3 a5 38. Rb2 Qc7 39. Ne2 c4 40. b4 Qa7 41. Rg2 axb4 42. Rxb4 Rc7 43. Nc1 Qa3 44. Ne2 Ra8 45. Qd1 Rca7 46. Qc2 Qa5 47. Qd1 Qc7 48. Rb2 Ra3 49. Qe1 R8a4 50. Ng1 Qa7 51. Rgc2 Nd8 52. Rb4 Ra5 53. Rcb2 Nb7 54. Ne2 Nc5 55. Qd1 Na6 56. Kg2 Qc7 57. Qc2 $19 Nxb4 58. Rxb4 Qc5 59. Rb2 Ra8 60. Rb4 Rf8 61. Neg3 Bf4 62. Ne2 Be3 63. Neg3 Qa7 64. Ne2 h5 65. Kg3 Bf2+ 0-1

[Event "24th Bosnjaci Open 2019"]
[Site "Bosnjaci"]
[Date "2019.01.09"]
[Round "9.16"]
[White "Ascic, Anto"]
[Black "Duda, Daniel"]
[Result "1-0"]
[ECO "D36"]
[WhiteElo "2093"]
[BlackElo "1991"]
[Annotator "NA"]
[PlyCount "107"]
[EventDate "2019.01.03"]
[EventType "swiss"]
[EventCountry "CRO"]
[SourceTitle "playchess.com"]
[Source "ChessBase"]
[SourceQuality "1"]
[TimeControl "5400+30"]

1. d4 d5 2. c4 e6 3. Nc3 Nf6 4. Bg5 Be7 5. e3 Nbd7 6. cxd5 exd5 7. Bd3 c6 8. Qc2 h6 9. Bh4 Nh5 10. Bxe7 {[%emt 0:00:00] D36: Queen's Gambit Declined: Exchange Variation: Main line (5 Bg5 c6 6 Qc2)} Qxe7 11. Nf3 (11. O-O-O Nb6 12. Nf3 Nf6 13. Kb1 Be6 14. Ka1 O-O-O 15. Na4 Kb8 16. Rc1 Rhe8 17. Nc5 Bc8 {1-0 (50) Nepomniachtchi,I (2757)-Nisipeanu,L (2672) Dortmund 2018}) 11... Nf4 12. O-O Nxd3 13. Qxd3 Nf6 14. Ne5 O-O 15. f3 $146 ({Predecessor:} 15. a3 Re8 16. b4 Ne4 17. b5 Qg5 {1-0 (40) Rapport,J (2318)-Repkova,E (2332) Baku 2016}) 15... Be6 16. Na4 Rac8 17. Rac1 Qd6 18. Nc5 b6 19. Nxe6 Qxe6 20. b4 Ne8 21. e4 c5 22. Rfd1 Nf6 23. bxc5 bxc5 24. exd5 Qxd5 25. Qb3 cxd4 26. Rxc8 Rxc8 27. Qxd5 Nxd5 28. Rxd4 Rc1+ 29. Kf2 $11 Rc2+ 30. Ke1 Ne3 31. Rd8+ Kh7 32. Rd2 Nxg2+ 33. Kd1 Ne3+ 34. Ke2 f6 35. Rxc2 Nxc2 36. Nc6 a6 37. a4 Kg6 38. Kd2 Na3 39. Kc3 Kf5 40. Nb4 Kf4 41. Nxa6 Kxf3 42. Nc7 Ke2 43. a5 f5 44. a6 f4 45. a7 f3 46. a8=Q f2 47. Qe4+ Kd1 48. Qd3+ Ke1 49. Qe3+ Kf1 50. Nd5 g5 51. Kd3 g4 52. Qg3 h5 53. Ne3+ Ke1 54. Qg2 1-0

[Event "24th Bosnjaci Open 2019"]
[Site "Bosnjaci"]
[Date "2019.01.09"]
[Round "9.17"]
[White "Ljubicic, Mario"]
[Black "Egerc, Josip"]
[Result "0-1"]
[ECO "C01"]
[WhiteElo "1886"]
[BlackElo "2081"]
[Annotator "NA"]
[PlyCount "72"]
[EventDate "2019.01.03"]
[EventType "swiss"]
[EventCountry "CRO"]
[SourceTitle "playchess.com"]
[Source "ChessBase"]
[SourceQuality "1"]
[TimeControl "5400+30"]

1. e4 e6 2. d4 d6 3. Nf3 g6 4. Bd3 {[%emt 0:01:30] C01: French: Exchange Variation} Bg7 5. c3 Nd7 (5... Ne7 6. O-O O-O 7. Re1 Nd7 8. Nbd2 b6 9. a4 a6 10. Nc4 Bb7 11. Qe2 h6 12. Bd2 Nf6 {½-½ (71) Potkin,V (2682)-Vitiugov,N (2733) Khanty-Mansiysk 2011}) 6. Be3 Ne7 7. Qd2 e5 $146 ({Predecessor:} 7... h6 8. Na3 Nf6 9. h3 Bd7 10. c4 Bc6 11. d5 exd5 12. cxd5 {1-0 (35) Travnicek,P (2138)-Novotny,J (2131) Czechia 2012}) 8. Bh6 Bxh6 9. Qxh6 exd4 10. cxd4 Ng8 11. Qd2 c6 ({Black should play} 11... d5 $14) 12. Nc3 Nb6 13. e5 Bg4 14. h3 Bxf3 15. gxf3 dxe5 16. dxe5 Qd4 17. O-O-O $1 Ne7 {[%emt 0:00:30] [#]} 18. Rhe1 ({White should try} 18. Qg5 $1 $16) 18... O-O-O 19. Kb1 Qh4 20. Ne4 Rhf8 21. f4 Nf5 22. Ng5 h6 23. e6 hxg5 24. Bxf5 fxe6 25. Bxe6+ Kb8 26. Qxd8+ Rxd8 27. Rxd8+ Kc7 28. Red1 gxf4 29. Rf8 a5 30. f3 Qf2 31. Rxf4 g5 32. Rf7+ Kb8 33. Rf8+ Ka7 34. Rf5 Ka6 $15 (34... c5 $19 35. Bb3 a4) 35. Rxg5 Na4 36. Bc4+ Kb6 0-1

[Event "24th Bosnjaci Open 2019"]
[Site "Bosnjaci"]
[Date "2019.01.09"]
[Round "9.19"]
[White "Potlimbrzovic, Zdenko"]
[Black "Klasan, Elvis"]
[Result "0-1"]
[ECO "A38"]
[WhiteElo "2094"]
[BlackElo "1861"]
[Annotator "NA"]
[PlyCount "174"]
[EventDate "2019.01.03"]
[EventType "swiss"]
[EventCountry "CRO"]
[SourceTitle "playchess.com"]
[Source "ChessBase"]
[SourceQuality "1"]
[TimeControl "5400+30"]

1. Nf3 g6 2. c4 c5 3. Nc3 Bg7 4. g3 Nc6 5. Bg2 d6 6. d3 Nf6 {[%emt 0:08:30] LiveBook: 34 Games} 7. O-O O-O 8. e4 e5 {[%emt 0:05:30] A38: Symmetrical English vs ...g6: 4 Bg2 Bg7 5 Nf3 Nf6} 9. a3 (9. Ne1 Ne8 10. Nc2 Nc7 11. Ne3 Rb8 12. a4 Nd4 13. Ne2 {½-½ (13) Ivanchuk,V (2731)-Erdos,V (2613) Tsaghkadzor 2015}) 9... Ne8 10. Nd5 f5 (10... Bg4 $11 {remains equal.}) 11. exf5 $146 ({Predecessor:} 11. Bg5 Qd7 12. Bd2 fxe4 13. dxe4 h6 14. h3 Qf7 15. Kh2 Nc7 16. Nxc7 Qxc7 {0-1 (41) Zhak,B (1985)-Basko,B (1997) Alushta 2011}) 11... Bxf5 12. h3 Nc7 13. g4 Be6 14. Nxc7 Qxc7 15. Ng5 Bc8 16. Bd2 h6 17. Ne4 Be6 18. Rb1 Rad8 19. b4 b6 20. Nc3 Nd4 21. Be3 Nc6 22. Qa4 Nd4 23. Bxd4 cxd4 24. Nb5 Bd7 25. Qxa7 (25. Bd5+ $18 Kh7 26. Nxc7 Bxa4 27. Ne6) 25... Qxa7 26. Bd5+ Kh7 27. Nxa7 Ba4 28. Rb2 h5 29. b5 Rd7 30. Nc6 Bh6 31. Nb4 hxg4 32. hxg4 Bf4 33. Kg2 Kg7 34. Rh1 Rh8 35. Rxh8 Kxh8 36. Be4 Bc1 37. Rb1 Bxa3 38. Bxg6 Kg7 39. Bf5 Rf7 40. Nd5 Bc5 41. Kf3 Bc2 42. Rc1 Bxd3 43. Kg3 Bxf5 44. gxf5 Rxf5 45. f3 Rg5+ 46. Kh2 Rh5+ 47. Kg2 {[%emt 0:00:12] [#]} Kg6 $1 48. Rd1 Rh7 49. Ra1 Kf5 50. Ra8 Rg7+ 51. Kf1 d3 52. Ke1 Rg2 53. Rf8+ Ke6 54. Rf6+ Kd7 55. Rf7+ Ke8 56. Rh7 Rc2 57. Kd1 Rxc4 58. Kd2 Rd4 59. Nc7+ Kf8 60. Ne6+ Kg8 61. Rg7+ Kh8 62. Nxd4 Kxg7 63. Nb3 Kf6 64. Kxd3 Ke6 65. Nd2 d5 66. Nb3 Bb4 67. Ke3 $2 (67. Kc2 {might work better.}) 67... Kf5 (67... Be7 $142 68. Kd3 Kf5) 68. Nc1 Bc5+ 69. Ke2 Ke6 70. Kd3 Kd6 71. Nb3 Bf2 72. Ke2 Bh4 73. Kd3 Ke6 74. Ke3 Bg5+ 75. Kd3 Kf5 76. Ke2 $1 $11 Kg6 $2 (76... d4 77. Kd3 Bh6) 77. Na1 Kf5 $2 78. Nc2 $2 Be7 79. Kd3 (79. Ne3+ Ke6) 79... Bc5 80. Na1 Kf4 81. Ke2 e4 82. fxe4 Kxe4 83. Nb3 $2 (83. Nc2 $19) 83... Be3 84. Na1 d4 85. Nb3 d3+ 86. Kd1 Kd5 87. Nc1 Kc4 0-1

[Event "24th Bosnjaci Open 2019"]
[Site "Bosnjaci"]
[Date "2019.01.09"]
[Round "9.20"]
[White "Caric, Mato"]
[Black "Novosad, Ivan"]
[Result "1-0"]
[ECO "B13"]
[WhiteElo "2088"]
[BlackElo "1840"]
[Annotator "NA"]
[PlyCount "73"]
[EventDate "2019.01.03"]
[EventType "swiss"]
[EventCountry "CRO"]
[SourceTitle "playchess.com"]
[Source "ChessBase"]
[SourceQuality "1"]
[TimeControl "5400+30"]

1. e4 c6 2. d4 d5 3. exd5 cxd5 4. Bd3 Nf6 5. c3 Nc6 6. Bf4 e6 7. Nf3 Nh5 {[%emt 0:01:30] B13: Caro-Kann: Exchange Variation and Panov-Botvinnik Attack} (7... Bd6 8. Bxd6 Qxd6 9. O-O O-O 10. Nbd2 {½-½ (10) Rasulov,V (2509)-Benidze,D (2476) Canakkale 2017}) 8. Bg5 Be7 9. Bxe7 Qxe7 10. O-O O-O 11. Ne5 $146 ({Predecessor:} 11. Re1 Bd7 12. Nbd2 Rfe8 13. Nb3 Nf4 14. Bc2 b6 15. Qd2 {1-0 (24) Corlatescu,D-Beciu,I Ploiesti 2003}) 11... Nf4 12. Re1 Qg5 13. Qf3 f5 14. Bf1 Rf6 15. Na3 Rh6 16. Nb5 Nxe5 17. dxe5 Ng6 18. Rad1 Bd7 19. Rd4 f4 20. c4 (20. h3 $15) 20... Bxb5 21. cxb5 Rf8 22. Ra4 Nxe5 23. Qb3 f3 24. g3 a6 25. bxa6 bxa6 26. Qe3 Qh5 27. Rh4 Qxh4 28. gxh4 Rg6+ 29. Kh1 Ng4 30. Qd2 Kh8 31. Bh3 Rf4 $18 32. Rg1 h5 33. Bxg4 Rfxg4 34. Rxg4 hxg4 35. Qd3 Rf6 36. Qxa6 d4 37. Qa8+ 1-0

[Event "24th Bosnjaci Open 2019"]
[Site "Bosnjaci"]
[Date "2019.01.09"]
[Round "9.21"]
[White "Brkic, Zdenko"]
[Black "Mutapcic, Ilija"]
[Result "0-1"]
[ECO "D02"]
[WhiteElo "2072"]
[BlackElo "1836"]
[Annotator "NA"]
[PlyCount "58"]
[EventDate "2019.01.03"]
[EventType "swiss"]
[EventCountry "CRO"]
[SourceTitle "playchess.com"]
[Source "ChessBase"]
[SourceQuality "1"]
[TimeControl "5400+30"]

1. d4 d5 2. Nf3 Nf6 3. g3 Bf5 4. Bg2 e6 5. O-O {[%emt 0:00:00] LiveBook: 288 Games} Be7 6. Bg5 {[%emt 0:01:00] D02: 1 d4 d5 2 Nf3 sidelines, including 2...Nf6 3 g3 and 2...Nf6 3 Bf4} (6. c4 c6 7. Nc3 Nbd7 8. b3 Ne4 9. Bb2 O-O 10. Nxe4 Bxe4 11. Nd2 Bxg2 12. Kxg2 f5 {½-½ (12) Mirzoev,A (2557)-Barsov,A (2533) Tashkent 2013}) 6... O-O 7. Re1 $146 ({Predecessor:} 7. Nbd2 Nbd7 8. Nh4 Bg6 9. Nxg6 hxg6 10. e4 dxe4 11. Nxe4 Nxe4 12. Bxe7 Qxe7 13. Bxe4 {½-½ (45) Milicevic,Z (1592)-Mazzini,K (1656) Nova Gorica 2017}) 7... Nbd7 8. Nbd2 Rc8 9. Nf1 b6 10. Ne3 Bg6 11. Ne5 c5 12. Nxg6 hxg6 13. dxc5 bxc5 14. c4 d4 15. Nc2 e5 16. e4 Rb8 17. b3 Re8 18. Qd3 a5 19. a4 ({Better is} 19. Reb1 $11) 19... Rb6 20. Reb1 Ng4 21. Bxe7 Qxe7 22. Na3 Rf8 23. Bh3 f5 24. exf5 e4 25. Qc2 gxf5 26. Nb5 Nde5 27. Bg2 $19 d3 28. Qc3 Qf6 29. Rf1 Rxb5 0-1

[Event "24th Bosnjaci Open 2019"]
[Site "Bosnjaci"]
[Date "2019.01.09"]
[Round "9.22"]
[White "Slobodjanac, Sinisa"]
[Black "Golub, Nikolina"]
[Result "1-0"]
[ECO "A00"]
[WhiteElo "1797"]
[BlackElo "1925"]
[Annotator "NA"]
[PlyCount "105"]
[EventDate "2019.01.03"]
[EventType "swiss"]
[EventCountry "CRO"]
[SourceTitle "playchess.com"]
[Source "ChessBase"]
[SourceQuality "1"]
[TimeControl "5400+30"]

1. b4 e6 2. Bb2 Nf6 3. a3 d5 4. e3 Be7 5. c4 {[%emt 0:00:00] A00: Irregular Openings} O-O 6. Nf3 a6 7. Nc3 dxc4 $146 ({Predecessor:} 7... b6 8. cxd5 exd5 9. d4 Bb7 10. Bd3 Nbd7 11. O-O Bd6 12. Rb1 Re8 13. Qb3 Qe7 14. Rfd1 Rad8 15. b5 a5 16. g3 Qe6 17. Bf1 Ng4 18. Re1 Qf5 19. Bg2 Ndf6 {0-1 (40) Tosic,M (2480)-Mitkov,N (2495) Skopje 1993}) 8. Bxc4 b5 9. Be2 Bb7 10. O-O c5 11. bxc5 Bxc5 12. d4 Bb6 13. Ne5 Nbd7 14. Bf3 Qc7 15. Rc1 Bxf3 16. Qxf3 Qd6 17. Rfd1 Rac8 18. Ne4 Nxe4 19. Rxc8 Rxc8 20. Qxf7+ Kh8 21. Qxd7 Qxd7 22. Nxd7 $16 Ba5 23. Rc1 Rxc1+ 24. Bxc1 b4 25. f3 Nc3 26. Kf1 Na4 27. axb4 Bxb4 28. Ke2 Kg8 29. Bd2 Bd6 30. h3 Kf7 31. Ba5 Ke7 32. Nb6 Nxb6 33. Bxb6 Kd7 34. Kd3 Kc6 35. Ba5 Kb5 36. Bc3 g6 37. g4 Bb4 38. f4 Bxc3 39. Kxc3 a5 40. e4 a4 41. f5 exf5 42. exf5 gxf5 43. gxf5 Kc6 44. Kb4 a3 45. Kxa3 Kd6 46. Kb4 h5 47. Kc4 Ke7 48. d5 Kf6 49. d6 Kxf5 50. d7 Kf4 51. d8=Q Kg3 52. Qd7 h4 53. Qg4+ 1-0

[Event "24th Bosnjaci Open 2019"]
[Site "Bosnjaci"]
[Date "2019.01.09"]
[Round "9.23"]
[White "Mikic, Ivana"]
[Black "Dinic, Nenad"]
[Result "1/2-1/2"]
[ECO "B29"]
[WhiteElo "1739"]
[BlackElo "1881"]
[Annotator "NA"]
[PlyCount "28"]
[EventDate "2019.01.03"]
[EventType "swiss"]
[EventCountry "CRO"]
[SourceTitle "playchess.com"]
[Source "ChessBase"]
[SourceQuality "1"]
[TimeControl "5400+30"]

1. e4 c5 2. Nf3 Nf6 3. e5 Nd5 4. Bc4 Nb6 5. Qe2 Nxc4 6. Qxc4 e6 7. O-O Nc6 8. c3 d5 9. exd6 Bxd6 10. d4 cxd4 11. Nxd4 Bd7 12. Nb5 Bb8 $15 13. Bf4 Bxf4 14. Qxf4 O-O 1/2-1/2